Map: Dusk Towers

Players

IIIIIIIIIIII

  • Race: Zerg Zerg
  • League: Master

Parkson - Winner!

  • Race: Terran Terran
  • League: Master

VOD

Have the link to the VOD?

Description

Time

  • Played on: March 13, 2016, 8:39 a.m.
  • Length: 17:40
Show
View Real Time Build Order
Export as new Build Order

IIIIIIIIIIII Zerg 

Build Orders: Hatch First, Muta Ling Bane 

Get SALT Encoding   

  12  0:01  Drone  
  13  0:13  Overlord  
  13  0:21  Drone  
  13  0:23  Extractor  
  13  0:24  Drone  
  15  0:32  Drone  
  16  0:38  Drone  
  17  0:55  Hatchery  
  17  0:56  Drone  
  17  1:11  Spawning Pool  
  16  1:13  Drone  
  16  1:16  Extractor  
  16  1:17  Drone  
  17  1:24  Drone  
  18  1:30  Drone  
  19  1:44  Drone  
  20  1:51  Overlord  
  20  1:58  Queen  
  22  2:07  Queen  
  24  2:09  Zergling x4  
  26  2:16  Drone  
  26  2:17  Metabolic Boost  
  26  2:20  Drone  
  28  2:23  Drone  
  29  2:36  Drone  
  29  2:37  Drone  
  31  2:39  Extractor  
  31  2:44  Overlord  
  31  2:46  Queen x2  
  35  2:55  Overlord  
  35  2:56  Drone  
  36  3:10  Drone x2  
  36  3:11  Drone x2  
  40  3:17  Drone  
  40  3:18  Drone x4  
  45  3:23  Lair  
  45  3:33  Drone x3, Extractor  
  47  3:34  Extractor  
  46  3:50  Drone x3  
  49  3:56  Hatchery  
  48  4:02  Extractor  
  48  4:03  Drone x3  
  50  4:22  Baneling Nest  
  50  4:23  Spire  
  48  4:24  Drone x2  
  48  4:25  Drone x2  
  48  4:27  Overlord  
  48  4:28  Overlord  
  52  4:40  Overseer  
  52  4:45  Overlord  
  52  4:47  Drone  
  52  4:48  Drone  
  54  4:55  Drone  
  54  4:59  Drone x4  
  59  5:13  Drone x3  
  62  5:19  Spore Crawler  
  61  5:28  Extractor  
  60  5:29  Extractor  
  60  5:30  Drone x3  
  62  5:38  Overlord x2  
  62  5:46  Mutalisk  
  62  5:47  Mutalisk x5  
  74  5:52  Evolution Chamber x2  
  72  6:01  Mutalisk  
  72  6:02  Mutalisk x4  
  83  6:04  Drone x4  
  83  6:05  Drone  
  87  6:13  Baneling x4  
  87  6:23  Overlord x3  
  87  6:24  Overlord  
  84  6:26  Overlord x3  
  84  6:30  Centrifical Hooks  
  84  6:37  Overlord  
  84  6:38  Overlord  
  84  6:41  Zerg Melee Weapons Level 1, Queen  
  84  6:43  Zerg Ground Armor Level 1  
  84  6:44  Drone  
  84  6:45  Drone  
  84  6:46  Zergling x2  
  89  6:48  Drone  
  89  6:49  Drone  
  89  6:51  Drone x2  
  89  6:53  Drone  
  94  6:56  Zergling x2  
  94  6:57  Zergling x2  
  91  7:04  Zergling x4  
  81  7:16  Spore Crawler  
  81  7:17  Zergling x10  
  81  7:18  Zergling x6  
  84  7:27  Drone x2  
  84  7:36  Zergling x2  
  85  7:37  Zergling x4  
  85  7:41  Drone  
  88  7:47  Mutalisk  
  88  7:48  Mutalisk x3  
  96  7:54  Baneling x6  
  96  7:55  Baneling x12  
  96  7:56  Baneling  
  96  7:57  Hatchery  
  95  8:00  Drone  
  95  8:05  Drone  
  95  8:06  Drone x3  
  95  8:07  Drone  
  95  8:08  Drone  
  95  8:10  Zergling x8  
  105  8:14  Baneling x7  
  105  8:21  Overlord x2  
  105  8:22  Zergling x2  
  105  8:23  Zergling x4  
  108  8:32  Baneling  
  108  8:33  Baneling x6  
  109  8:34  Zergling x10  
  104  8:47  Mutalisk  
  104  8:48  Mutalisk x4  
  98  8:49  Zergling x4  
  98  8:55  Mutalisk  
  102  9:08  Zergling x12  
  108  9:12  Queen  
  110  9:26  Baneling  
  110  9:27  Baneling x17  
  110  9:28  Zergling x2  
  110  9:29  Infestation Pit, Zergling x14  
  117  9:32  Drone  
  117  9:36  Overlord x3  
  117  9:37  Zergling x2  
  119  9:43  Zergling x2  
  119  9:44  Zergling x12  
  126  9:48  Baneling x10  
  126  9:49  Baneling  
  106  10:00  Mutalisk x2  
  108  10:12  Zergling x8  
  108  10:13  Zergling x12  
  118  10:17  Extractor x2  
  118  10:19  Drone x3  
  119  10:29  Drone x4  
  119  10:33  Baneling x2  
  119  10:34  Baneling x12  
  123  10:41  Mutalisk  
  123  10:42  Mutalisk x2  
  120  10:47  Overseer  
  119  10:52  Zergling x2  
  119  10:53  Zergling x16  
  128  11:02  Drone x4  
  132  11:11  Zergling x14  
  133  11:12  Hatchery, Baneling  
  133  11:13  Baneling x9  
  133  11:14  Zergling x2  
  139  11:24  Zergling x6  
  140  11:46  Zergling x24  
  120  11:58  Mutalisk x3  
  120  11:59  Mutalisk x9  
  138  12:04  Hive  
  137  12:11  Zergling x6  
  137  12:12  Zergling x6  
  137  12:21  Baneling x14  
  136  12:23  Zergling x8  
  140  12:37  Spine Crawler x2  
  140  12:41  Zergling x12  
  140  12:42  Zergling x8  
  148  12:45  Baneling x11  
  148  12:52  Zergling x2  
  148  12:53  Zergling x10  
  139  13:07  Zergling x20  
  147  13:21  Pathogen Glands  
  147  13:23  Ultralisk Cavern  
  141  13:32  Drone x3  
  141  13:34  Extractor  
  141  13:40  Overseer  
  141  13:41  Overseer  
  137  13:43  Zerg Melee Weapons Level 2  
  137  13:44  Zerg Ground Armor Level 2  
  137  13:48  Adrenal Glands  
  137  13:49  Infestor x3  
  143  13:56  Drone x3  
  143  13:57  Drone x3  
  143  13:58  Drone  
  143  13:59  Drone  
  143  14:00  Overlord x2, Zergling x2  
  143  14:01  Overlord x2  
  152  14:05  Baneling x10  
  152  14:12  Chitinous Plating  
  152  14:14  Zergling x2  
  152  14:15  Zergling x8  
  152  14:16  Baneling  
  152  14:17  Baneling x4  
  144  14:24  Zergling x2  
  144  14:25  Zergling x12  
  135  14:39  Ultralisk  
  135  14:44  Baneling  
  133  14:51  Ultralisk x2  
  134  15:01  Ultralisk  
  109  15:47  Overlord x2  
  109  15:48  Overlord  
  100  16:05  Overlord x3  
  80  16:21  Overlord  
  80  16:25  Ultralisk x2  
  100  16:43  Zergling x4  
  102  16:50  Zergling x4  
  102  16:56  Zergling x2  
  102  17:01  Ultralisk  
  103  17:04  Baneling  
  103  17:05  Baneling x3  
Show
View Real Time Build Order
Export as new Build Order

Parkson Terran - Winner!

Build Orders: Liberator Opening, Reaper Expand, MMM Bio 

Get SALT Encoding   

  12  0:01  SCV  
  13  0:13  SCV  
  14  0:18  Supply Depot  
  14  0:25  SCV  
  15  0:39  SCV  
  15  0:41  Barracks  
  16  0:46  Refinery  
  16  0:51  SCV  
  17  1:03  SCV  
  18  1:15  SCV  
  19  1:29  Orbital Command  
  19  1:30  Reaper  
  20  1:42  Command Center  
  20  1:51  Supply Depot  
  21  1:54  SCV  
  21  2:06  SCV  
  21  2:08  Barracks Reactor  
  22  2:18  SCV  
  23  2:24  Factory  
  23  2:29  Refinery  
  23  2:30  SCV  
  24  2:42  SCV  
  25  2:45  Marine x2  
  27  2:54  SCV  
  27  2:55  Orbital Command  
  28  3:06  SCV  
  28  3:12  Marine x2, Starport  
  31  3:21  Factory Tech Lab, Command Center  
  31  3:22  SCV  
  31  3:23  SCV  
  33  3:32  Liberator  
  33  3:34  SCV  
  34  3:39  SCV  
  34  3:40  Barracks  
  35  3:41  Refinery  
  35  3:43  Barracks Tech Lab  
  35  3:46  SCV  
  35  3:53  SCV  
  39  3:58  SCV  
  39  3:59  Barracks  
  39  4:02  Supply Depot  
  40  4:05  SCV  
  40  4:09  Siege Tank  
  44  4:11  SCV  
  45  4:17  SCV  
  45  4:18  Refinery  
  45  4:20  Stimpack  
  45  4:23  Marine  
  47  4:28  SCV  
  47  4:30  SCV  
  49  4:32  Marine  
  50  4:39  Liberator  
  50  4:40  Engineering Bay x2  
  50  4:44  Orbital Command  
  50  4:47  Barracks Reactor  
  50  4:48  SCV x2  
  55  5:01  SCV  
  55  5:04  Marine x2, Supply Depot  
  55  5:07  SCV  
  59  5:18  Terran Infantry Weapons Level 1  
  59  5:19  Terran Infantry Armor Level 1, SCV  
  59  5:20  SCV  
  61  5:26  Marine x2  
  61  5:27  Marine x2  
  65  5:29  Marine  
  65  5:31  Orbital Command, SCV  
  65  5:32  SCV  
  68  5:36  Siege Tank  
  68  5:39  Starport Reactor  
  71  5:44  Marine, SCV  
  71  5:46  SCV  
  71  5:48  Marine x3  
  77  5:53  Supply Depot  
  77  6:02  Barracks  
  77  6:05  Barracks  
  77  6:08  Marine x4  
  77  6:09  SCV  
  82  6:13  SCV  
  82  6:14  SCV  
  82  6:15  Missile Turret  
  82  6:16  Missile Turret  
  82  6:17  Medivac x2  
  88  6:24  Barracks  
  85  6:27  SCV x2  
  85  6:28  Factory Reactor  
  85  6:29  Marine x2  
  85  6:30  Marine, Supply Depot  
  85  6:32  Marine x2  
  92  6:34  SCV  
  93  6:40  Combat Shields, Supply Depot  
  93  6:49  Barracks Reactor  
  93  6:51  Marine x3  
  96  6:55  Marine  
  96  6:57  Barracks Reactor  
  96  6:58  Medivac x2  
  101  7:02  Barracks  
  88  7:16  Missile Turret  
  88  7:19  SCV x2  
  88  7:20  Marine x4  
  88  7:21  Marine  
  92  7:28  Armory, Medivac x2  
  91  7:31  SCV  
  93  7:37  SCV x2  
  93  7:41  Marine x5  
  93  7:43  Concussive Shells, SCV  
  100  7:49  Marine  
  100  7:50  Marine  
  102  7:53  Barracks Tech Lab  
  102  7:54  Factory  
  102  7:55  SCV  
  102  7:56  Refinery  
  102  7:57  SCV x2  
  105  7:58  Medivac  
  105  7:59  Supply Depot  
  105  8:04  Marine x2  
  109  8:10  Supply Depot  
  109  8:11  Supply Depot  
  109  8:21  Marine x6  
  115  8:29  Marine  
  115  8:30  Terran Infantry Weapons Level 2  
  115  8:31  Terran Infantry Armor Level 2, Medivac x2  
  120  8:35  Supply Depot  
  106  8:42  Marine x3  
  106  8:43  Marauder  
  106  8:44  Marine x5  
  106  8:47  Marine  
  98  8:48  Widow Mine x2  
  98  8:50  Liberator x2  
  94  9:00  Marine x3  
  94  9:01  Marine  
  94  9:02  Marine x2  
  101  9:05  Factory Tech Lab  
  105  9:13  SCV x3  
  105  9:14  Refinery  
  105  9:16  Marine x2  
  110  9:17  Marine  
  110  9:23  Marine  
  110  9:24  Marine x2  
  113  9:25  SCV x2  
  113  9:26  Widow Mine  
  113  9:28  Marine x2  
  113  9:30  SCV  
  121  9:33  Drilling Claws  
  121  9:36  Marine x2  
  121  9:37  Marine  
  124  9:41  Marine x3  
  124  9:45  Marine x2  
  129  9:59  Marine  
  99  10:00  Marine x3  
  99  10:03  Marine x4  
  99  10:05  Marine x2  
  100  10:17  Marine x2, SCV  
  100  10:18  Marine x2  
  100  10:19  Barracks, SCV x2  
  100  10:20  Marine, Command Center  
  100  10:21  Marine, Barracks, Missile Turret  
  109  10:25  Marine x2  
  109  10:26  Marine  
  109  10:27  Marine  
  113  10:29  SCV  
  113  10:35  Marine x3  
  114  10:36  Marine  
  114  10:42  Marine x2  
  97  10:43  Marine x2  
  97  10:47  Medivac x2  
  101  10:53  Marine x3  
  101  10:54  SCV  
  101  10:55  Terran Infantry Weapons Level 3  
  101  10:56  Terran Infantry Armor Level 3  
  101  10:57  SCV  
  104  10:59  Marine  
  104  11:00  Marine  
  106  11:07  Barracks Tech Lab  
  106  11:08  Barracks Tech Lab  
  106  11:10  Starport  
  106  11:12  Barracks Tech Lab  
  106  11:16  Marine  
  106  11:17  Marine x2, Medivac x2  
  113  11:27  Marine x2  
  113  11:28  Marine x2, Marauder  
  113  11:30  Liberator  
  119  11:36  Planetary Fortress  
  117  11:42  Widow Mine  
  117  11:44  Marine x3  
  117  11:45  Marine x3  
  117  11:46  Marine x2  
  93  11:47  Marine x2, Medivac  
  93  11:49  Marine  
  89  12:02  Marine x3  
  89  12:03  Marine x3  
  89  12:04  Marine x3  
  89  12:05  Marine  
  89  12:06  Marine  
  91  12:19  Marine  
  91  12:20  Marine x3  
  91  12:21  Marine x2  
  91  12:22  Marine x4  
  99  12:24  Marine  
  102  12:37  Marine x3  
  102  12:38  Marine x2  
  102  12:39  Marine  
  102  12:40  Marine x3  
  109  12:45  Marine x2  
  106  12:52  Medivac x2  
  106  12:55  Marine x3  
  106  12:56  Marine x3  
  106  12:58  Marine x3  
  115  13:02  Marine  
  115  13:03  Marine  
  103  13:13  Marine x3  
  103  13:14  Marine x3  
  103  13:15  Marine  
  103  13:16  Marine x2  
  112  13:20  Marine x2  
  112  13:22  Medivac x2  
  110  13:31  Marine, Medivac  
  110  13:32  SCV, Medivac  
  110  13:34  SCV  
  115  13:36  SCV  
  115  13:40  Marine x2  
  115  13:41  Marine  
  119  13:42  Marine  
  119  13:45  Marine x2  
  119  13:48  SCV  
  123  13:51  SCV x2  
  123  13:52  Marine, Medivac x2  
  130  13:56  Marine x2  
  130  13:57  Marine  
  130  14:01  Marine, Marauder  
  136  14:08  Marine x4  
  136  14:09  Marine  
  141  14:10  Marine  
  141  14:17  Marine, Marauder  
  127  14:28  Marine  
  127  14:29  Marine, Marauder x2  
  133  14:34  Medivac  
  133  14:35  Medivac  
  133  14:37  Marine x3  
  133  14:38  Marine, Marauder  
  130  14:39  Medivac x2  
  130  14:40  Marine  
  130  14:42  Marine  
  136  14:47  Marine x2  
  136  14:49  Marine  
  136  14:50  Marine  
  137  14:54  Marine x2  
  137  14:55  Marine  
  137  14:57  Marine  
  137  14:58  Marine  
  138  15:02  Marine  
  138  15:03  Marine  
  138  15:04  Marine, Medivac  
  138  15:12  Marine  
  138  15:13  Marine x4  
  138  15:14  Marine  
  138  15:15  Marine x2  
  138  15:20  Marine x2  
  138  15:28  Marine  
  133  15:29  Marine  
  133  15:31  Marine x4  
  134  15:45  Marine x2  
  134  15:47  Marine x4  
  134  15:48  Marine  
  134  15:49  Medivac  
  140  15:54  Marine  
  133  16:00  Marine x2  
  129  16:05  Marine  
  129  16:10  Marine x2  
  127  16:19  Marine x2  
  127  16:20  Orbital Command  
  129  16:31  Medivac  
  131  16:36  Liberator  
  131  16:44  Marine x4  
  138  17:09  Marauder  
  141  17:23  Supply Depot  
Tags
 
Add a new tag
Caveats
  • Supply blocks, unpowered buildings, or Contaminate may cause inaccurate times.
  • Supply counts are checked every 10 seconds.